 Dungeon Crawl Stone Soup version 0.26-a0-661-g406de6ba63 (webtiles) character file.

Game seed: 18253396684736675625

99 tom967 the Conjurer (level 4, -7/33 HPs)
             Began as a Demigod Conjurer on Oct 8, 2020.
             Killed from afar by Sigmund (9 damage)
             ... with a magic dart
             ... on level 3 of the Dungeon.
             The game lasted 00:20:12 (2791 turns).

tom967 the Conjurer (Demigod Conjurer)              Turns: 2791, Time: 00:20:12

Health: -7/33      AC:  4    Str: 10    XL:     4   Next: 22%
Magic:  4/10       EV: 13    Int: 30    God:
Gold:   100        SH:  0    Dex: 14    Spells: 4/7 levels left

rFire    . . .     SeeInvis .   k - +0 rapier
rCold    . . .     Faith    .   (no shield)
rNeg     . . .     Spirit   .   a - +1 robe
rPois    .         Reflect  .   (no helmet)
rElec    .         Harm     .   (no cloak)
rCorr    .         Rampage  .   h - +0 pair of gloves
MR       .....                  (no boots)
Stlth    ++........             (no amulet)
HPRegen  0.11/turn              j - +6 ring of intelligence
MPRegen  0.12/turn              (no ring)

@: no status effects
A: high mp 1
a: no special abilities


You were on level 3 of the Dungeon.
You visited 1 branch of the dungeon, and saw 3 of its levels.

You collected 100 gold pieces.

Inventory:

Hand Weapons
 k - a +0 rapier (weapon)
Missiles
 b - 69 stones
 e - 11 bolts
 g - 65 arrows (quivered)
 l - 3 poisoned darts
Armour
 a - a +1 robe (worn)
 f - a +0 scale mail
 h - a +0 pair of gloves (worn)
 i - a +0 ring mail
Jewellery
 j - a +6 ring of intelligence (left hand)
Scrolls
 c - 2 scrolls of identify
 d - a scroll of amnesia
 m - a scroll of noise {unknown}
 n - a scroll of fog {unknown}
 o - a scroll of magic mapping {unknown}


   Skills:
 + Level 2.5 Dodging
 - Level 1.8 Stealth
 + Level 2.4 Spellcasting
 * Level 4.6 Conjurations


You had 4 spell levels left.
You knew the following spells:

 Your Spells              Type           Power        Failure   Level
a - Magic Dart            Conj           ####         1%          1
b - Searing Ray           Conj           ####..       1%          2

Your spell library contained the following spells:

 Spells                   Type           Power        Failure   Level
 Dazzling Flash           Conj/Hex       ###...       9%          3
 Fulminant Prism          Conj/Hex       ###.......   28%         4
 Iskenderun's Mystic Bla  Conj/Tloc      ###.....     28%         4


Dungeon Overview and Level Annotations

Branches:
Dungeon (3/15)

Annotations:
D:3 Sigmund


Innate Abilities, Weirdness & Mutations

You have an increased reservoir of magic. (+10% MP)


Message History

Sigmund barely misses you.
The searing ray hits Sigmund!
Sigmund is heavily wounded.
Sigmund hits you from afar with a +0 scythe.
The searing ray misses Sigmund.
The searing ray misses Sigmund.
You finish channeling your searing ray.
Sigmund says, "Your kind have come here before.
I understand now why.
You desire death..."
Sigmund barely misses you.
Sigmund hits you from afar with a +0 scythe.
Your magical contamination has completely faded away.
Sigmund closely misses you. Sigmund hits you but does no damage.
Sigmund hits you from afar with a +0 scythe!
* * * LOW HITPOINT WARNING * * *
Sigmund closely misses you.
Sigmund hits you from afar with a +0 scythe.
* * * LOW HITPOINT WARNING * * *
Sigmund points at you and mumbles some strange words.
The magic dart hits you!
You die...

#######...##.## #
....#.
#.^..######..
#.##.#..
##...........
#.#....#
##..######..
#......# #..##
#.#....## ##...#
#.......##
##...##
####.##@.###.#.##
#.##...@....#
####@#########.#
#....# #+#
####)#####
#.....@†.#
#.##.##..# #.##.#
..#
..............
####.####...###


You could see Sigmund.

Vanquished Creatures
  3 adders
  3 oozes
  3 worms (D:3)
  A leopard gecko (D:3)
  2 giant cockroaches
  7 hobgoblins
  11 kobolds
  2 quokkas
  5 bats
  5 frilled lizards
  3 goblins
  6 rats
51 creatures vanquished.

Notes
Turn   | Place    | Note
-------+----------+-------------------------------------------
     0 | D:1      | tom967 the Demigod Conjurer began the quest for the Orb.
     0 | D:1      | Reached XP level 1. HP: 14/14 MP: 5/5
   393 | D:1      | Reached XP level 2. HP: 20/20 MP: 2/7
   622 | D:1      | Reached skill level 4 in Conjurations
  1123 | D:2      | Reached XP level 3. HP: 26/26 MP: 4/8
  1672 | D:2      | Found a faded altar of an unknown god.
  1798 | D:2      | You fall into a shaft and drop 1 floor!
  2377 | D:3      | Learned a level 2 spell: Searing Ray
  2421 | D:3      | Reached XP level 4. HP: 33/33 MP: 6/10
  2756 | D:3      | Noticed Sigmund
  2791 | D:3      | Killed from afar by Sigmund

Illustrated notes

Levels and vault maps discovered:
D:1:      lemuel_arrival_lava_pool, layout_basic
D:2:      layout_rooms, chequers_ecumenical_altar_simple_redux,
          chequers_serial_rivers_large_a
D:3:      layout_loops_corners, uniq_sigmund

Skill      XL: |  1  2 |
---------------+-------+-----
Dodging        | 2 |  2.5
Conjurations   | 4 |  4.6
Spellcasting   | 2 |  2.4
Stealth        | |  1.8

Action                   |  1- 3 |  4- 6 || total
-------------------------+-------+-------++-------
 Cast: Magic Dart        |    95 |    26 ||   121
       Searing Ray       |       |     1 ||     1
  Use: Scroll            |     2 |       ||     2
       Potion            |     2 |       ||     2
Armor: Robe              |     3 |       ||     3
Dodge: Dodged            |     9 |     4 ||    13

Table legend: (Time is in decaauts)
 A = Elapsed time spent in this place.
 B = Non-inter-level travel time spent in this place.
 C = Inter-level travel time spent in this place.
 D = Time resting spent in this place.
 E = Time spent auto-exploring this place.
 F = Levels seen in this place.
 G = Mean time per level.
                   A        B        C        D        E       F      G
               +--------+--------+--------+--------+--------+-----+--------+
         Total |   2817 |   2358 |    459 |    125 |   1903 |   3 |  939.0 |
       Dungeon |   2817 |   2358 |    459 |    125 |   1903 |   3 |  939.0 |
               +--------+--------+--------+--------+--------+-----+--------+

Top non-repeatable levels by time:
     D:2: 1119 daAuts
     D:3: 934 daAuts
     D:1: 764 daAuts
